 Dungeon Crawl Stone Soup version 0.31-a0-771-g505c3d19dc (webtiles) character file.

Game seed: 4296337754170426017

259 cforsyth the Trooper (level 6, 0/49 HPs)
             Began as a Djinni Delver on Sept 16, 2023.
             Slain by a lemure (6 damage)
             ... led by Pikel
             ... on level 3 of the Dungeon.
             The game lasted 00:03:12 (1995 turns).

cforsyth the Trooper (Djinni Delver)                Turns: 1995, Time: 00:03:13

Health: 0/49       AC:  3    Str: 11    XL:     6   Next: 40%
Gold:   74         EV: 12    Int: 13    God:
                   SH:  0    Dex: 15

rFire   + + .        l - +4 dagger
rCold   x . .        (no shield)
rNeg    . . .        b - +0 leather armour
rPois   ∞            (no helmet)
rElec   .            (no cloak)
rCorr   .            (no gloves)
SInv    .            (boots unavailable)
Will    .....        (no amulet)
Stlth   ++           (no ring)
HPRegen 0.28/turn    (no ring)
MPRegen 0.00/turn

%: infuse magic (-1 HP)
@: flying
A: sickness immunity, fire resistance 2, cold vulnerability 1, float, innate
caster, HP casting, extra vitality 1
a: no special abilities


You were on level 3 of the Dungeon.
You visited 1 branch of the dungeon, and saw 4 of its levels.

You collected 74 gold pieces.

Inventory:

Hand Weapons
 a - a +0 falchion
 l - a +4 dagger (weapon)
Armour
 b - a +0 leather armour (worn)
Wands
 g - a wand of digging (3)
Scrolls
 d - 2 scrolls of revelation
 e - 3 scrolls of identify {unknown}
 h - 3 scrolls of silence {unknown}
 i - a scroll of enchant armour {unknown}
 j - a scroll of teleportation {unknown}
 k - a scroll of torment {unknown}
 n - a scroll of immolation {unknown}
Potions
 c - 2 potions of resistance {unknown}
 f - a potion of haste
 m - a potion of lignification {unknown}


   Skills:
 + Level 5.1 Fighting
 - Level 1.7 Long Blades
 - Level 2.1 Dodging
 - Level 4.1 Stealth
 + Level 2.9 Spellcasting
 + Level 2.9 Conjurations
 + Level 2.9 Hexes
 + Level 2.9 Summonings
 + Level 2.9 Necromancy
 + Level 2.9 Translocations
 + Level 2.9 Transmutations
 + Level 2.9 Fire Magic
 + Level 2.9 Ice Magic
 + Level 2.9 Air Magic
 + Level 2.9 Earth Magic
 + Level 2.9 Poison Magic


You knew the following spells:

 Your Spells              Type           Power      Damage    Failure   Level
a - Magic Dart            Conj           36%        1d4       10%         1
b - Blink                 Tloc           18%        N/A       14%         2
Your spell library was empty.

Dungeon Overview and Level Annotations

Branches:
Dungeon (5/15)
 Temple: D:4-7

Altars:
Fedhas
Nemelex Xobeh
Okawaru

Annotations:
D:5 Menkaure


Innate Abilities, Weirdness & Mutations

You are immune to sickness and miasma.
You are immune to poison.
Your flesh is very heat resistant. (rF++)
You are vulnerable to cold. (rC-)
You float through the air rather than walking.
You learn spells naturally, not from books.
Your magical power is your life essence.
You have superior vitality. (+4 MHP)


Message History

The lemure closely misses you. The orc barely misses you.
You fly upwards.
There is a stone staircase leading down here.
You hit the lemure.
The lemure is lightly wounded.
The lemure attacks as it pursues you! The lemure hits you.
The lemure attacks as it pursues you! The lemure closely misses you.
You hit the lemure but do no damage. The lemure barely misses you.
You hit the lemure but do no damage. Your punch misses the lemure.
The lemure hits you.
You barely miss the lemure. The lemure hits you.
You completely miss the lemure. The lemure hits you!
You hit the lemure but do no damage. The lemure closely misses you.
You closely miss the lemure. The lemure barely misses you.
You hit the lemure.
The lemure is lightly wounded.
The lemure hits you.
You hit the lemure.
The lemure is moderately wounded.
The lemure hits you.
You hit the lemure.
The lemure is moderately wounded.
The lemure hits you but does no damage.
You hit the lemure.
The lemure is heavily wounded.
You hit the lemure.
The lemure is heavily wounded.
The lemure hits you.
You hit the lemure.
The lemure is severely wounded.
The lemure hits you!
* * * LOW HITPOINT WARNING * * *
You hit the lemure.
The lemure is severely wounded.
The lemure hits you!
* * * LOW HITPOINT WARNING * * *
You hit the lemure but do no damage.
The lemure is severely wounded.
The lemure hits you.
You die...

.# #....#####.#.#
##..#......≈≈≈ ##
#......#.....# #...#######...
##.#...#....####.#........###
#.#.#............#########
#.#.##.....#####.#
#.#.##...........####
#.#.##>...#o#..>.)..#
#####.#.##.##.#5#.#..##.#
##.....#.......#@#....##.#
.....####.....##.#.#.###.#
...#.# #.....##.#.#.###.#
...#.# #.....##.........#
...#.# #.....####.#######
.....# ####### #.# #.#### #.#
#.# ##### #.# #.## #...# #.#


You could see a lemure and an orc.

Vanquished Creatures
  2 scorpions (D:4)
  An orc wizard (D:4)
  Robin (D:3)
  5 adders
  13 orcs
  A bat (D:3)
  2 endoplasms (D:3)
  13 goblins
  4 hobgoblins (D:3)
  A quokka (D:5)
  2 ball pythons (D:4)
  A frilled lizard (D:3)
  A rat (D:3)
47 creatures vanquished.

Notes
Turn   | Place    | Note
-------+----------+-------------------------------------------
     0 | D:5      | cforsyth the Djinni Delver began the quest for the Orb.
     0 | D:5      | Reached XP level 1. HP: 20/20 MP: 0/0
    27 | D:5      | Reached XP level 2. HP: 14/25 MP: 0/0
   108 | D:5      | Reached skill level 1 in Spellcasting
   108 | D:5      | Reached skill level 1 in Conjurations
   108 | D:5      | Reached skill level 1 in Hexes
   108 | D:5      | Reached skill level 1 in Summonings
   108 | D:5      | Reached skill level 1 in Necromancy
   108 | D:5      | Reached skill level 1 in Translocations
   108 | D:5      | Reached skill level 1 in Transmutations
   108 | D:5      | Reached skill level 1 in Fire Magic
   108 | D:5      | Reached skill level 1 in Ice Magic
   108 | D:5      | Reached skill level 1 in Air Magic
   108 | D:5      | Reached skill level 1 in Earth Magic
   108 | D:5      | Reached skill level 1 in Poison Magic
   108 | D:5      | Reached XP level 3. HP: 25/30 MP: 0/0
   108 | D:5      | Learned a level 1 spell: Magic Dart
   175 | D:5      | Noticed Menkaure
   222 | D:4      | Noticed a scorpion
   240 | D:4      | Killed a scorpion
   241 | D:4      | Reached skill level 4 in Fighting
   241 | D:4      | Reached XP level 4. HP: 9/37 MP: 0/0
   351 | D:4      | Noticed a scorpion
   430 | D:4      | Killed a scorpion
   431 | D:4      | Reached XP level 5. HP: 9/42 MP: 0/0
   431 | D:4      | Learned a level 2 spell: Blink
   736 | D:4      | Noticed a lemure
   745 | D:4      | Found a blossoming altar of Fedhas.
   801 | D:3      | Reached XP level 6. HP: 38/49 MP: 0/0
  1333 | D:3      | Found an iron altar of Okawaru.
  1337 | D:3      | Reached skill level 5 in Fighting
  1337 | D:3      | Found a sparkling altar of Nemelex Xobeh.
  1434 | D:3      | Identified the +0 helmet "Fugya" {rPois Str-4 Dex+2}
  1434 | D:3      | Noticed Robin
  1607 | D:3      | Killed Robin
  1995 | D:3      | Slain by a lemure

Illustrated notes

Levels and vault maps discovered:
D:2:      layout_loops_ring, basic_altar, minmay_misc_feat_five,
          nicolae_hexahallways, moated_statue, uniq_jessica
D:3:      layout_loops_cross, overflow_temple_1_default,
          nicolae_overflow_squiral, guppyfry_early_orc_mine, uniq_robin
D:4:      layout_cave_pods, mainiacjoe_overflow_catwalk,
          mainiacjoe_overflow_catch_the_wave, uniq_duvessa,
          uniq_crazy_yiuf_cottage, uniq_edmund, uniq_pikel
D:5:      layout_basic, minmay_temple_entry_large_hall, uniq_menkaure,
          uniq_eustachio

Skill      XL: |  1  2  3  4  5  6 |
---------------+-------------------+-----
Spellcasting   | 1 2 |  2.9
Conjurations   | 1 2 |  2.9
Hexes          | 1 2 |  2.9
Summonings     | 1 2 |  2.9
Necromancy     | 1 2 |  2.9
Translocations | 1 2 |  2.9
Transmutations | 1 2 |  2.9
Fire Magic     | 1 2 |  2.9
Ice Magic      | 1 2 |  2.9
Air Magic      | 1 2 |  2.9
Earth Magic    | 1 2 |  2.9
Poison Magic   | 1 2 |  2.9
Fighting       | 4 5 |  5.1
Long Blades    | |  1.7
Dodging        | |  2.1
Stealth        | |  4.1

Action                     |  1- 3 |  4- 6 || total
---------------------------+-------+-------++-------
  Melee: Falchion          |    43 |    46 ||    89
         Punch             |     1 |     2 ||     3
         Dagger            |       |    99 ||    99
   Cast: Magic Dart        |       |    13 ||    13
    Use: Scroll            |       |     2 ||     2
   Stab: Sleeping          |       |     4 ||     4
 Armour: Leather armour    |    29 |   109 ||   138
  Dodge: Dodged            |    28 |    75 ||   103

Table legend: (Time is in decaauts)
 A = Elapsed time spent in this place.
 B = Non-inter-level travel time spent in this place.
 C = Inter-level travel time spent in this place.
 D = Time resting spent in this place.
 E = Time spent auto-exploring this place.
 F = Levels seen in this place.
 G = Mean time per level.
                   A        B        C        D        E       F      G
               +--------+--------+--------+--------+--------+-----+--------+
         Total |   2011 |   1969 |     42 |    515 |    958 |   4 |  502.8 |
       Dungeon |   2011 |   1969 |     42 |    515 |    958 |   4 |  502.8 |
               +--------+--------+--------+--------+--------+-----+--------+

Top non-repeatable levels by time:
     D:3: 1086 daAuts
     D:4: 613 daAuts
     D:5: 194 daAuts
     D:2: 117 daAuts
